 Dungeon Crawl Stone Soup version 0.30-a0-305-g026cb31310 (webtiles) character file.

Game seed: 15882569929634182567

1122 koil the Covert (level 8, 0/40 HPs)
             Began as a Spriggan Brigand on Oct 23, 2022.
             Splashed by a jelly's acid (3 damage)
             ... on level 5 of the Dungeon.
             The game lasted 00:18:15 (5983 turns).

koil the Covert (Spriggan Brigand)                  Turns: 5983, Time: 00:18:15

Health: 0/40       AC: -5    Str:  7    XL:     8   Next: 12%
Magic:  15/15      EV: 19    Int: 15    God:
Gold:   250        SH:  0    Dex: 16    Spells: 13/15 levels left

rFire   . . .      SeeInvis +    a - +2 dagger
rCold   + . .      Faith    .    (no shield)
rNeg    . . .      Spirit   .    b - +0 robe
rPois   .          Reflect  .    (helmet restricted)
rElec   .          Harm     .    J - +0 cloak
rCorr   .          Rampage  .    (gloves unavailable)
Will    +....                    (boots unavailable)
Stlth   ++++......               (no amulet)
HPRegen 0.26/turn                (no ring)
MPRegen 0.14/turn                (no ring)

@: corroded, unable to drink, very quick
A: very small, no large weapons, unfitting armour, see invisible, speed 3, horns
1, cold resistance 1, inability to drink after injury 1
a: no special abilities


You were on level 5 of the Dungeon.
You visited 1 branch of the dungeon, and saw 5 of its levels.
You also visited: Sewer.

You collected 250 gold pieces.

Inventory:

Hand Weapons
 a - a +2 dagger (weapon)
 d - a +1 spear of pain
 I - a +4 quarterstaff of chaos
Missiles
 e - 2 curare-tipped darts
 C - 28 poisoned darts (quivered)
 D - 3 boomerangs
 L - a throwing net
Armour
 b - a +0 robe (worn)
 c - a +0 cloak
 f - +0 steam dragon scales
 h - the +1 robe of Afonwotu {rElec Int+4}
   (You found it on level 2 of the Dungeon)

   Int:       It affects your intelligence (+4).
   rElec:     It insulates you from electricity.
 H - a +0 robe
 J - a +0 cloak (worn)
Magical Staves
 n - a staff of earth
Jewellery
 y - the ring of Fiarop {Fly Will+ Str+6 Int-3}
   (You found it on level 3 of the Dungeon)

   [ring of flight]

   Str:       It affects your strength (+6).
   Int:       It affects your intelligence (-3).
   Fly:       It grants you flight.
   Will:      It increases your willpower.
 A - a ring of ice
Scrolls
 g - 2 scrolls of acquirement {unknown}
 k - a scroll of silence {unknown}
 l - a scroll of brand weapon {unknown}
 m - 3 scrolls of butterflies {unknown}
 p - a scroll of identify {unknown}
 q - a scroll of fear {unknown}
 v - a scroll of magic mapping {unknown}
 w - a scroll of amnesia {unknown}
 x - a scroll of immolation {unknown}
 B - 2 scrolls of vulnerability {unknown}
 E - a scroll of blinking {unknown}
 F - a scroll of enchant weapon {unknown}
 K - a scroll of teleportation {unknown}
Potions
 i - 2 potions of haste
 j - a potion of invisibility {unknown}
 o - a potion of berserk rage {unknown}
 r - a potion of degeneration {unknown}
 s - 4 potions of heal wounds {unknown}
 t - 2 potions of mutation
 u - 2 potions of brilliance {unknown}
 z - 2 potions of attraction
 G - a potion of lignification {unknown}


   Skills:
 + Level 3.5 Fighting
 + Level 4.9 Short Blades
 - Level 2.0 Throwing
 + Level 5.4 Dodging
 + Level 8.6 Stealth
 + Level 4.4 Spellcasting
 + Level 3.7 Hexes


You had 13 spell levels left.
You knew the following spells:

 Your Spells              Type           Power      Damage    Failure   Level
a - Ensorcelled Hibernat  Hex/Ice        16%        N/A       12%         2

Your spell library contained the following spells:

 Spells                   Type           Power      Damage    Failure   Level
 Magic Dart               Conj           12%        1d3       17%         1
 Call Imp                 Summ           3%         N/A       26%         2
 Cigotuvi's Dreadful Rot  Necr/Pois/Air  6%         N/A       26%         2
 Passwall                 Tmut/Erth      2%         N/A       26%         2
 Mephitic Cloud           Conj/Pois/Air  3%         N/A       45%         3
 Swiftness                Air            3%         N/A       45%         3
 Dispel Undead            Necr           3%         3d7       86%         4
 Death Channel            Necr           1%         N/A       100%        6


Dungeon Overview and Level Annotations

Branches:
Dungeon (5/15)              Sewer (visited)
 Temple: D:4-7

Altars:
Gozag
Nemelex Xobeh
Ru
Uskayaw

Shops:
D:2 *


Innate Abilities, Weirdness & Mutations

You are very small and have problems with some larger weapons.
You are too small for most types of armour.
You have supernaturally acute eyesight. (SInv)
You cover ground extremely quickly. (Speed+++)
You have a pair of small horns on your head.
Your flesh is cold resistant. (rC+)
You occasionally lose the ability to drink potions when taking damage.


Message History

The jelly quivers.
The jelly closely misses you.
You hit the jelly.
Your hands burn!
The jelly is moderately wounded.
You hit the jelly.
Your hands burn!
You headbutt the jelly.
The jelly is heavily wounded.
The jelly closely misses you.
You hit the jelly. The acid corrodes you!
Your hands burn!
The jelly is severely wounded.
The jelly misses you.
You hit the jelly but do no damage. The acid corrodes you!
Your hands burn!
Your headbutt misses the jelly.
The jelly is severely wounded.
The jelly hits you.
You are splashed with acid.
You are too injured to fight recklessly!
You are too injured to fight recklessly!
You are too injured to fight recklessly!
You are too injured to fight recklessly!
You are too injured to fight recklessly!
You completely miss the jelly. You punch the jelly, but do no damage.
The jelly is severely wounded.
The jelly closely misses you.
You hit the jelly but do no damage.
Your hands burn!
The jelly is severely wounded.
You completely miss the jelly.
You headbutt the jelly, but do no damage.
The jelly is severely wounded.
The jelly closely misses you.
You hit the jelly but do no damage.
Your hands burn!
You headbutt the jelly, but do no damage.
The jelly is severely wounded.
The jelly hits you.
You are splashed with acid!
You feel threatened and lose the ability to drink potions!
* * * LOW HITPOINT WARNING * * *
You hit the jelly but do no damage.
Your hands burn!
* * * LOW HITPOINT WARNING * * *
The jelly is severely wounded.
The jelly misses you.
You hit the jelly.
Your hands burn!
You die...

#### ## ...# #. .. # #
...# #. .#.# ##... ...
#..###.#.####.... ..
#..#....... .>.... #.
#..#.#J#.# ...##.##.
#....@...# #..##....
##.....### #..#####.
###.### #..# #. #.#
##..#####. ##.##
##......... ###...#
##.....##### #####.....#
##.......##
#...(.....####.........###
#.###........'.........+..


You could see a jelly.

Vanquished Creatures
  An ogre (D:4)
  2 phantoms (D:5)
  4 kobold brigands (Sewer)
  A scorpion (D:5)
  A crimson imp (D:4)
  2 hounds (D:5)
  A jelly (D:5)
  An orc priest (D:3)
  Crazy Yiuf (D:4)
  An iguana (D:5)
  An orc wizard (D:3)
  Robin (D:4)
  7 river rats
  8 adders
  2 white imps
  4 worms
  2 dart slugs
  9 orcs
  3 bats (D:2)
  13 endoplasms
  6 giant cockroaches
  10 goblins
  11 hobgoblins
  7 jackals
  A quokka (D:2)
  23 ball pythons
  4 frilled lizards
  14 kobolds
  32 rats
173 creatures vanquished.

Notes
Turn   | Place    | Note
-------+----------+-------------------------------------------
     0 | D:1      | koil the Spriggan Brigand began the quest for the Orb.
     0 | D:1      | Reached XP level 1. HP: 10/10 MP: 2/2
   101 | D:1      | Reached skill level 6 in Stealth
   111 | D:1      | Reached XP level 2. HP: 15/15 MP: 2/4
   138 | D:1      | Reached skill level 1 in Spellcasting
   238 | D:1      | You fall into a shaft and drop 1 floor!
   246 | D:2      | Identified the +1 robe of Afonwotu {rElec Int+4}
   419 | D:1      | Reached XP level 3. HP: 18/18 MP: 5/5
   764 | D:2      | Reached XP level 4. HP: 10/23 MP: 7/7
   885 | D:2      | Found Kaopleal's Assorted Antiques.
  1732 | D:3      | Learned a level 2 spell: Ensorcelled Hibernation
  1885 | D:3      | Reached XP level 5. HP: 10/27 MP: 9/9
  2140 | D:3      | Identified the ring of Fiarop {Fly Will+ Str+6 Int-3}
  2171 | D:3      | Reached skill level 7 in Stealth
  2427 | D:3      | Found a hide-covered altar of Uskayaw.
  2537 | D:4      | Found an opulent altar of Gozag.
  2543 | D:4      | Reached skill level 1 in Hexes
  2564 | D:4      | Noticed Robin
  2667 | D:4      | Killed Robin
  2756 | D:4      | Found a sparkling altar of Nemelex Xobeh.
  2759 | D:4      | Found a sacrificial altar of Ru.
  2985 | D:4      | Found a glowing drain.
  3039 | D:4      | Reached XP level 6. HP: 26/32 MP: 10/10
  3050 | Sewer    | Entered a sewer
  3126 | Sewer    | Gained mutation: Your flesh is cold resistant. (rC+)
                  | [potion of mutation]
  3126 | Sewer    | Gained mutation: You occasionally lose the ability to drink
                  | potions when taking damage. [potion of mutation]
  3126 | Sewer    | Gained mutation: You have a pair of small horns on your
                  | head. [potion of mutation]
  3676 | Sewer    | Reached XP level 7. HP: 8/36 MP: 11/13
  4411 | D:4      | Reached skill level 8 in Stealth
  4490 | D:4      | Found a runed translucent door.
  4491 | D:4      | Noticed Crazy Yiuf
  4986 | D:4      | Killed Crazy Yiuf
  5069 | D:5      | Entered Level 5 of the Dungeon
  5122 | D:5      | Reached skill level 5 in Dodging
  5743 | D:5      | Reached XP level 8. HP: 40/40 MP: 15/15
  5983 | D:5      | Splashed by a jelly's acid

Illustrated notes

Levels and vault maps discovered:
D:1:      wander_arrival_desolate, layout_rooms
D:2:      minmay_general_purpose_star, layout_basic, serial_shops, shop,
          serial_park_tiny_2, nrook_mini_vaults, minivault_26,
          minmay_misc_feat_iff
D:3:      layout_basic, overflow_temple_1_default, grunt_decor_arrowhead,
          minmay_misc_feat_alley
D:4:      layout_cave_pools, grunt_temple_overflow_open, portal_sewer_entry_b,
          serial_park, serial_park_tiny_pond, serial_park_tiny_pond,
          serial_park_square1 [serial_park_minivault_5x5_7],
          serial_park_avenue1, serial_park_avenue1, minmay_fire_ice_demons,
          uniq_crazy_yiuf_cottage, uniq_robin
D:5:      layout_loops_corners, skrybe_limestone_x

Skill      XL: |  1  2  3  4  5  6  7 |
---------------+----------------------+-----
Stealth        | 6 7 8 |  8.6
Spellcasting   | 1 2 3 4 |  4.4
Dodging        | 2 3 4 5 |  5.4
Fighting       | 2 3 |  3.5
Short Blades   | 3 4 |  4.9
Hexes          | 1 2 3 |  3.7
Throwing       | |  2.0

Action                   |  1- 3 |  4- 6 |  7- 9 || total
-------------------------+-------+-------+-------++-------
Melee: Dagger            |   124 |   379 |   142 ||   645
       Punch             |     1 |     5 |     2 ||     8
       Headbutt          |       |    21 |    23 ||    44
Throw: Dart              |     9 |    52 |    22 ||    83
  Use: Potion            |       |     6 |       ||     6
 Stab: Sleeping          |    10 |    20 |     3 ||    33
       Distracted        |       |     2 |       ||     2
Armor: Robe              |    15 |    41 |    19 ||    75
Dodge: Dodged            |    81 |   272 |   107 ||   460

Table legend: (Time is in decaauts)
 A = Elapsed time spent in this place.
 B = Non-inter-level travel time spent in this place.
 C = Inter-level travel time spent in this place.
 D = Time resting spent in this place.
 E = Time spent auto-exploring this place.
 F = Levels seen in this place.
 G = Mean time per level.
                   A        B        C        D        E       F      G
               +--------+--------+--------+--------+--------+-----+--------+
         Total |   4367 |   4321 |     46 |     82 |   2828 |   6 |  727.8 |
       Dungeon |   3383 |   3337 |     46 |     72 |   2248 |   5 |  676.6 |
         Sewer |    984 |    984 |      0 |     10 |    580 |   1 |  984.0 |
               +--------+--------+--------+--------+--------+-----+--------+

Top non-repeatable levels by time:
   Sewer: 984 daAuts
     D:4: 846 daAuts
     D:3: 787 daAuts
     D:2: 724 daAuts
     D:5: 648 daAuts
     D:1: 375 daAuts
